 Dungeon Crawl Stone Soup version 0.29.1-1-gd02db6906a (webtiles) character file.

Game seed: 16924161486484275969

447 ImASeal the Chopper (level 6, 0/48 (63) HPs)
             Began as a Troll Fighter on Sept 30, 2022.
             Was an Initiate of Makhleb.
             Slain by Pingasnik's ghost (3 damage)
             ... on level 4 of the Dungeon.
             The game lasted 00:09:10 (3302 turns).

ImASeal the Chopper (Troll Fighter)                 Turns: 3302, Time: 00:09:14

HP:   0/48 (63)     AC:  5    Str: 33    XL:     6   Next: 73%
MP:   5/5           EV:  8    Int:  4    God:    Makhleb [......]
Gold: 148           SH:  7    Dex:  9    Spells: 5/5 levels left

rFire   . . .      SeeInvis .   a - +0 war axe
rCold   . . .      Faith    .   c - +0 kite shield
rNeg    . . .      Spirit   .   b - +0 robe
rPois   .          Reflect  .   (helmet restricted)
rElec   .          Harm     .   u - +0 cloak
rCorr   .          Rampage  .   (gloves unavailable)
Will    .....                   (boots unavailable)
Stlth   +.........              (no amulet)
HPRegen 0.96/turn               e - +6 ring of strength
MPRegen 0.09/turn               m - +4 ring of slaying

@: about to teleport, heavily drained
A: large, unfitting armour, claws 3, regeneration 1, shaggy fur 1, tough skin 1
a: Renounce Religion


You were on level 4 of the Dungeon.
You worshipped Makhleb.
Makhleb was noncommittal.
You visited 1 branch of the dungeon, and saw 4 of its levels.

You collected 148 gold pieces.

Inventory:

Hand Weapons
 a - a +0 war axe (weapon)
 w - a +2 short sword of draining
Missiles
 j - 3 curare-tipped darts
 l - 22 stones (quivered)
 r - 2 javelins
Armour
 b - a +0 robe (worn)
 c - a +0 kite shield (worn)
 u - a +0 cloak (worn)
Jewellery
 e - a +6 ring of strength (left claw)
 m - a +4 ring of slaying (right claw)
 q - a ring of see invisible
Scrolls
 h - a scroll of teleportation
 i - 2 scrolls of blinking {unknown}
 n - 2 scrolls of butterflies {unknown}
 p - a scroll of summoning {unknown}
 s - 2 scrolls of identify {unknown}
 v - a scroll of vulnerability {unknown}
 x - a scroll of enchant weapon {unknown}
Potions
 d - a potion of ambrosia {unknown}
 f - a potion of haste {unknown}
 g - 3 potions of lignification {unknown}
 k - 2 potions of mutation {unknown}
 o - a potion of heal wounds {unknown}
 t - 2 potions of attraction {unknown}


   Skills:
 * Level 4.4 Fighting
 + Level 4.7 Axes
 - Level 2.4 Dodging
 - Level 2.6 Shields


You had 5 spell levels left.
You didn't know any spells.
Your spell library contained the following spells:

 Spells                   Type           Power      Damage    Failure   Level
 Cause Fear               Hex            0%         N/A       100%        4
 Dragon Form              Tmut           0%         N/A       100%        7
 Dragon's Call            Summ           0%         N/A       100%        9


Dungeon Overview and Level Annotations

Branches:
Dungeon (4/15)
 Temple: D:4-7

Altars:
Gozag
Makhleb
Uskayaw
Xom
Zin

Shops:
D:2 (

Annotations:
D:4 Pingasnik's ghost, weakling MiBe


Innate Abilities, Weirdness & Mutations

You are too large for most types of armour.
You have claws for hands.
Your natural rate of healing is unusually fast.
You are covered in fur. (AC +1)
You have tough skin. (AC +1)


Message History

You kill the iguana!
Makhleb accepts your kill.
You hit the gnoll bouda but do no damage.
The gnoll bouda closely misses you.
You barely miss Pingasnik's ghost. You hit the gnoll bouda.
The gnoll bouda closely misses you. You block Pingasnik's ghost's attack.
The gnoll bouda closely misses you. Pingasnik's ghost barely misses you.
You hit Pingasnik's ghost.
Pingasnik's ghost is lightly damaged.
You barely miss the gnoll bouda.
The gnoll bouda hits you but does no damage.
Pingasnik's ghost hits you but does no damage.
You feel drained.
You closely miss Pingasnik's ghost.
Pingasnik's ghost is lightly damaged.
You barely miss the gnoll bouda. You block the gnoll bouda's attack.
Pingasnik's ghost hits you.
You feel drained.
The gnoll bouda hits you with a +0 whip!
Pingasnik's ghost hits you.
You feel drained.
You hit Pingasnik's ghost but do no damage.
Pingasnik's ghost is lightly damaged.
You closely miss the gnoll bouda. The gnoll bouda barely misses you.
You block Pingasnik's ghost's attack.
You closely miss Pingasnik's ghost.
Pingasnik's ghost is lightly damaged.
You closely miss the gnoll bouda.
The gnoll bouda hits you but does no damage.
Pingasnik's ghost hits you!
You feel drained.
The gnoll bouda hits you with a +0 whip.
* * * LOW HITPOINT WARNING * * *
Pingasnik's ghost hits you but does no damage.
You feel drained.
As you read the scroll of teleportation, it crumbles to dust.
You feel strangely unstable.
The gnoll bouda hits you with a +0 whip.
* * * LOW HITPOINT WARNING * * *
Pingasnik's ghost hits you.
* * * LOW HITPOINT WARNING * * *
You feel drained.
You die...

.......##.........# #.#
.......#####......###### #.#
.......)..........'...># #.#
.......#.....^....####.####.#
.......#..........# #.......#
.......#..........###########
############.....##.8.## #
#.....#.$..∩# # ##.#.@W...$8#
# #....g$_8.∩# # ###..'$.$$8#
# #..#.$$.∩# #..##$8.##
########## #..# #..# #..#


You could see a gnoll bouda and Pingasnik's ghost.

Vanquished Creatures
  Sigmund (D:3)
  A scorpion (D:4)
  A howler monkey (D:4)
  An iguana (D:4)
  6 adders
  5 dart slugs
  7 orcs
  16 ball pythons
  8 endoplasms
  3 giant cockroaches
  8 hobgoblins
  5 jackals
  5 quokkas
  5 bats
  3 frilled lizards
  11 goblins
  8 kobolds
  4 rats
98 creatures vanquished.

Vanquished Creatures (others)
  An angel (D:4)
  A plant (D:1)
2 creatures vanquished.

Grand Total: 100 creatures vanquished

Notes
Turn   | Place    | Note
-------+----------+-------------------------------------------
     0 | D:1      | ImASeal the Troll Fighter began the quest for the Orb.
     0 | D:1      | Reached XP level 1. HP: 22/22 MP: 0/0
   154 | D:1      | Reached XP level 2. HP: 29/29 MP: 1/1
   257 | D:1      | Found a faded altar of an unknown god.
   591 | D:1      | Reached XP level 3. HP: 35/37 MP: 2/2
   624 | D:1      | You fall into a shaft and drop 1 floor!
  1121 | D:2      | Found Fackuk's Weapon Emporium.
  1192 | D:2      | Reached XP level 4. HP: 45/45 MP: 3/3
  1775 | D:3      | Noticed Sigmund
  1786 | D:3      | Killed Sigmund
  1787 | D:3      | Reached XP level 5. HP: 49/54 MP: 4/4
  1839 | D:3      | Reached XP level 6. HP: 57/62 MP: 5/5
  2048 | D:3      | Found a hide-covered altar of Uskayaw.
  2175 | D:4      | Found Gyoffum's Jewellery Emporium.
  2176 | D:4      | Found a glowing silver altar of Zin.
  2176 | D:4      | Found a shimmering altar of Xom.
  2176 | D:4      | Noticed an angel
  2286 | D:4      | Killed an angel
  2495 | D:4      | Found a burning altar of Makhleb.
  2500 | D:4      | Became a worshipper of Makhleb the Destroyer
  2833 | D:4      | Found a runed translucent gate.
  2833 | D:4      | Found a runed translucent gate.
  2835 | D:4      | Found an opulent altar of Gozag.
  2917 | D:4      | Found a runed translucent gate.
  2921 | D:4      | Noticed Pingasnik's ghost (weakling MiBe)
  3302 | D:4      | Slain by Pingasnik's ghost

Illustrated notes

Levels and vault maps discovered:
D:1:      kennysheep_arrival_forest, layout_loops_ring,
          shapermc_ecumenical_altar_ellora, serial_bayou_pond_a, minmay_domino_2
D:2:      layout_basic, serial_shops, nicolae_shop_bloodbath_and_beyond
D:3:      layout_basic, nicolae_uskayaw_murder_on_the_dancefloor,
          grunt_ministairs_9, uniq_sigmund
D:4:      layout_basic, grunt_temple_overflow_order_and_chaos_1, bloody_makhleb,
          ebering_ghost_gozag, minmay_shop_enchanted_jewellery, nrook_uturn

Skill      XL: |  1  2  3  4 |
---------------+-------------+-----
Fighting       | 3 4 |  4.4
Axes           | 2 4 |  4.7
Dodging        | |  2.4
Shields        | |  2.6

Action                   |  1- 3 |  4- 6 || total
-------------------------+-------+-------++-------
Melee: War axe           |   104 |   103 ||   207
  Use: Scroll            |       |     2 ||     2
       Potion            |       |     1 ||     1
Armor: Robe              |    39 |    30 ||    69
Dodge: Dodged            |    41 |    35 ||    76
Block: Kite shield       |    30 |    50 ||    80
